 Dungeon Crawl Stone Soup version 0.28.0 (webtiles) character file.

Game seed: 17802942384633900036

4411 BorgnjorsVileCrotch the Cleaver (level 10, -17/84 HPs)
             Began as a Deep Dwarf Fighter on Feb 12, 2022.
             Was a Follower of Elyvilon.
             Demolished by a minotaur (39 damage)
             ... in a Gauntlet.
             The game lasted 00:09:46 (1540 turns).

BorgnjorsVileCrotch the Cleaver (DDFi)              Turns: 1540, Time: 00:09:46

Health: -17/84     AC:  9    Str: 24    XL:     10   Next: 14%
Magic:  11/11      EV: 10    Int:  9    God:    Elyvilon [*.....]
Gold:   128        SH:  0    Dex: 12    Spells: 12/12 levels left

rFire   + . .      SeeInvis +   q - +7 pair of quick blades "Gyre" and "Gimble" {protect}
rCold   + . .      Faith    .   (shield currently unavailable)
rNeg    . . .      Spirit   .   b - +0 scale mail
rPois   .          Reflect  .   i - +0 helmet
rElec   .          Harm     .   h - scarf {rC+ rF+}
rCorr   .          Rampage  .   z - +0 pair of gloves
Will    +....      NoTele   +   (no boots)
Stlth   ..........              (no amulet)
HPRegen 0.00/turn               s - ring of see invisible
MPRegen 0.12/turn               (no ring)

@: lethally poisoned (-17 -> -51), invisible
A: damage resistance, heal wounds, sense surroundings 2, no regeneration
a: Heal Wounds, Renounce Religion, Purification


You were in a Gauntlet.
You worshipped Elyvilon.
Elyvilon was aware of your devotion.
You visited 2 branches of the dungeon, and saw 11 of its levels.
You also visited: Ossuary and Gauntlet.

You collected 128 gold pieces.

Inventory:

Hand Weapons
 a - a +1 war axe
 q - the +7 pair of quick blades "Gyre" and "Gimble" (weapon) {protect}
   (You found it on level 7 of the Dungeon)

   It grants its wielder temporary protection when it strikes (+7 to AC).
Missiles
 e - a curare-tipped dart (quivered)
Armour
 b - a +0 scale mail (worn)
 c - a +0 buckler
 h - a scarf of resistance (worn)
   (You found it on level 3 of the Dungeon)
 i - a +0 helmet (worn)
   (You took it off Robin on level 3 of the Dungeon)
 j - an orb of light
   (You found it on level 2 of the Dungeon)
 v - the +1 plate armour of the Good {Harm MP+9}
   (You found it on level 1 of the Lair of Beasts)

   MP:        It affects your magic capacity (+9).
   Harm:      It increases damage dealt and taken.
 z - a +0 pair of gloves (worn)
   (You found it in a Gauntlet)
Jewellery
 g - a ring of flight
   (You found it on level 4 of the Dungeon)
 o - a ring of ice
   (You found it in an ossuary)
 s - a ring of see invisible (left hand)
   (You found it in an ossuary)
Wands
 k - a wand of digging (4) {@v3}
   (You took it off Grinder on level 4 of the Dungeon)
 y - a wand of iceblast (4) {@v2}
   (You found it on level 3 of the Lair of Beasts)
Scrolls
 n - a scroll of teleportation {@r3 !r}
 t - a scroll of magic mapping {@r5 !r}
 w - a scroll of enchant armour
 x - a scroll of immolation {unknown}
Potions
 d - 2 potions of might {@q3 !q}
 f - a potion of invisibility
 l - 3 potions of flight
 m - a potion of brilliance
 p - 2 potions of degeneration {unknown}
 r - 5 potions of curing {unknown}
 u - a potion of ambrosia {unknown}


   Skills:
 + Level 3.5 Fighting
 - Level 8.0 Short Blades
 - Level 12.0 Axes
 + Level 4.2 Armour
 + Level 2.3 Dodging
 - Level 3.2 Shields
 + Level 1.6 Spellcasting
 - Level 0.3 Invocations


You had 12 spell levels left.
You didn't know any spells.
Your spell library was empty.

Dungeon Overview and Level Annotations

Branches:
Dungeon (8/15)               Lair (3/6) D:8         Ossuary (visited)
Gauntlet (1/1)
 Temple: D:4-7        Swamp: Lair:2-4    Shoals: Lair:2-4     Snake: Lair:2-4
 Spider: Lair:2-4

Altars:
Ashenzari
Elyvilon

Annotations:
Lair:1 Veteran's ghost, journeyman DECj Gauntlet 4 transporters, exclusions: ice statue and oklob plant


Innate Abilities, Weirdness & Mutations

You are resistant to damage.
You can heal yourself by infusing magical energy.
You passively map the area around you.
You do not regenerate.


Message History

You hit the torpor snail but do no damage.
You hit the torpor snail.
The death yak bellows! x4
You hit the torpor snail but do no damage.
You hit the torpor snail.
The death yak bellows! x6
The torpor snail bites you.
You hit the torpor snail. x2
The death yak bellows! x4
You hit the torpor snail.
You hit the torpor snail but do no damage.
The death yak bellows! x5
You catch the helpless torpor snail completely off-guard!
You puncture the torpor snail!
You kill the torpor snail!
You feel yourself speed up.
The death yak bellows! x6
The death yak bellows! x4
You see here a torpor snail corpse.
Found shiny fire dragon scales.
The death yak bellows! x3
Found a book of Callings and a scroll of teleportation.
Found a gate leading back out of this place.
Found a transporter.
The death yak bellows! x4; You hear a bellow!
Found two transporters.
The elephant trumpets!
The death yak bellows! x3
The death yak bellows! x3
The death yak bellows! x2
You see here a +0 pair of gloves of stealth.
The death yak bellows! x2
There is a transporter here.
You enter the transporter and appear at another place.
You flicker for a moment.
You flicker back into view.
A minotaur comes into view.
It is wielding the +8 demon blade of Skirmishing {venom, rF- rC+ Dex+3} and quivering silver javelins.
The minotaur moves out of view.
The minotaur bellows!
Throw: 3 darts (curare)
Press: ? - help, Q - select action Shift-Dir - straight line, f - minotaur
Aim: a minotaur, wielding the +8 demon blade of Skirmishing {venom, rF- rC+ Dex+3}, wearing a +0 chain mail and quivering silver javelins (69% to hit)
You throw a curare-tipped dart.
The curare-tipped dart hits the minotaur.
The minotaur is poisoned.
The minotaur convulses.
The minotaur seems to slow down.
The minotaur is lightly wounded.
No other quiver actions available for cycling.
No other quiver actions available for cycling.
Throw: 2 darts (curare)
Press: ? - help, Q - select action Shift-Dir - straight line, f/p - minotaur
Aim: a minotaur, wielding the +8 demon blade of Skirmishing {venom, rF- rC+ Dex+3}, wearing a +0 chain mail and quivering silver javelins (lightly wounded, very poisoned, slow, 69% to hit)
You throw a curare-tipped dart.
The curare-tipped dart hits the minotaur.
The minotaur looks as sick as possible!
The minotaur convulses.
The minotaur seems to be slow for longer.
The minotaur is lightly wounded.
The minotaur hits you with the +8 demon blade of Skirmishing {venom, rF- rC+ Dex+3}!!
You are poisoned.
The minotaur gores you but does no damage.
You feel much better.
The minotaur hits you with the +8 demon blade of Skirmishing {venom, rF- rC+ Dex+3}!!
You are lethally poisoned!
The minotaur closely misses you.
You feel much better.
You feel extremely sick.
You feel extremely sick.
The minotaur throws a silver javelin.
The silver javelin pierces through you!!
* * * LOW HITPOINT WARNING * * *
x2
* * * LOW HITPOINT WARNING * * *
You feel extremely sick.
Okay, then.
You feel much better.
You feel very sick.
You feel much better.
You feel much better.
The minotaur hits you with the +8 demon blade of Skirmishing {venom, rF- rC+ Dex+3}!!
The minotaur closely misses you.
Okay, then.
Okay, then.
You fade into invisibility!
You feel much better.
The minotaur hits you with the +8 demon blade of Skirmishing {venom, rF- rC+ Dex+3}!!!
You are lethally poisoned!
The minotaur gores you!
You feel much better.
You feel extremely sick.
The minotaur hits you with the +8 demon blade of Skirmishing {venom, rF- rC+ Dex+3}!!
* * * LOW HITPOINT WARNING * * *
You are more poisoned.
The minotaur gores you! Elyvilon protects you from harm!
You feel much better.
* * * LOW HITPOINT WARNING * * *
You feel extremely sick.
You feel much better.
* * * LOW HITPOINT WARNING * * *
You feel extremely sick.
The minotaur hits you with the +8 demon blade of Skirmishing {venom, rF- rC+ Dex+3}!!!
You die...

.....##..#.######....#
###..#...#.#....###..#
..#..#...#.#.##....#.#
.?#.8#.©.#.#.#####.#.#
^[#..#...#.#.#8 8###.#
.©#.∩#.©...#.# ,(.#.#
#.#..#...#.#.#8 8#(#.#
#:#.8#.©.#.#.#####.#.#
..#..#...#.#.##.@H.#.#
###..#...#.#....####.#
.....##..#.###### ..#
###..###.#....# , ###
.[#..≈*########* * * ,
* * , ,


You could see a minotaur (very poisoned, slow).

Vanquished Creatures
  A two-headed ogre (D:7)
  A torpor snail (Gauntlet)
  A rime drake (Gauntlet)
  A komodo dragon (Lair:2)
  Grinder (D:4)
  A spriggan (D:7)
  A wraith (Ossuary)
  6 yaks (Lair:1)
  A basilisk (D:8)
  A wyvern (D:8)
  4 water moccasins
  5 black bears
  An ice beast (D:6)
  A kobold brigand (D:7)
  A bullfrog (Lair:1)
  An elf zombie (Ossuary)
  A scorpion (D:5)
  A bullfrog zombie (D:5)
  A jelly (D:8)
  A hound (D:6)
  Terence (D:2)
  3 mummies (Ossuary)
  A howler monkey zombie (D:8)
  Robin (D:3)
  A dart slug (D:3)
  An endoplasm (D:3)
  A giant cockroach (D:1)
  A gnoll zombie (Ossuary)
  9 goblins
  4 hobgoblins (D:3)
  A quokka (D:1)
  2 ball pythons
  2 goblin zombies (Ossuary)
  5 hobgoblin zombies (Ossuary)
  7 kobolds
  2 kobold zombies (Ossuary)
74 creatures vanquished.

Vanquished Creatures (others)
  2 fungi (D:8)
  17 plants (D:8)
  A withered plant (Gauntlet)
20 creatures vanquished.

Grand Total: 94 creatures vanquished

Notes
Turn   | Place    | Note
-------+----------+-------------------------------------------
     0 | D:1      | BorgnjorsVileCrotch the Deep Dwarf Fighter began the quest
                  | for the Orb.
     0 | D:1      | Reached XP level 1. HP: 20/20 MP: 1/1
    81 | D:2      | Noticed Terence
    87 | D:2      | Killed Terence
    88 | D:2      | Reached skill level 3 in Axes
    88 | D:2      | Reached XP level 2. HP: 25/27 MP: 2/2
    88 | D:2      | Reached XP level 3. HP: 31/33 MP: 3/3
   109 | D:2      | Reached skill level 4 in Axes
   202 | D:3      | Noticed Robin
   214 | D:3      | Killed Robin
   272 | D:4      | Noticed Grinder
   294 | D:4      | Paralysed by Grinder for 3 turns
   302 | D:4      | Killed Grinder
   303 | D:4      | Reached skill level 6 in Axes
   303 | D:4      | Reached XP level 4. HP: 40/40 MP: 4/4
   303 | D:4      | Reached XP level 5. HP: 46/46 MP: 5/5
   338 | D:5      | Entered Level 5 of the Dungeon
   338 | D:5      | Noticed a black bear
   352 | D:5      | Killed a black bear
   353 | D:5      | Reached skill level 7 in Axes
   353 | D:5      | Reached XP level 6. HP: 49/55 MP: 6/6
   377 | D:5      | Reached skill level 8 in Axes
   383 | D:5      | Found a broken altar of Ashenzari.
   414 | D:5      | Found a sand-covered staircase.
   423 | Ossuary  | Entered an ossuary
   423 | Ossuary  | Noticed a wraith
   423 | Ossuary  | Noticed a wraith
   423 | Ossuary  | Noticed a wraith
   609 | Ossuary  | Reached XP level 7. HP: 54/61 MP: 7/7
   649 | Ossuary  | Noticed a wraith
   657 | Ossuary  | Killed a wraith
   658 | Ossuary  | Reached skill level 9 in Axes
   789 | D:7      | Noticed a two-headed ogre
   789 | D:7      | Noticed a two-headed ogre
   789 | D:7      | Noticed a spriggan
   800 | D:7      | Killed a spriggan
   801 | D:7      | Reached skill level 10 in Axes
   824 | D:7      | Killed a two-headed ogre
   825 | D:7      | Reached skill level 12 in Axes
   825 | D:7      | Reached XP level 8. HP: 44/68 MP: 8/8
   850 | D:7      | Found the +7 pair of quick blades "Gyre" and "Gimble"
                  | {protect}
   913 | D:6      | Found a white marble altar of Elyvilon.
   923 | D:6      | Became a worshipper of Elyvilon the Healer
   967 | D:8      | Found a staircase to the Lair.
   978 | D:8      | Your magical essence is drained by the effort!
  1099 | D:8      | Reached skill level 1 in Short Blades
  1104 | D:8      | Reached skill level 2 in Short Blades
  1119 | D:8      | Reached skill level 3 in Short Blades
  1119 | D:8      | Gained mutation: You passively map the area around you.
                  | [Deep Dwarf growth]
  1119 | D:8      | Reached XP level 9. HP: 46/74 MP: 8/8
  1136 | D:8      | Reached skill level 4 in Short Blades
  1165 | D:8      | Reached skill level 5 in Short Blades
  1189 | Lair:1   | Entered Level 1 of the Lair of Beasts
  1191 | Lair:1   | Found a transporter.
  1195 | Lair:1   | Found a transporter.
  1195 | Lair:1   | Noticed Veteran's ghost (journeyman DECj)
  1243 | Lair:1   | Identified the +1 plate armour of the Good {Harm MP+9}
  1269 | Lair:1   | Reached skill level 6 in Short Blades
  1284 | Lair:1   | Reached skill level 7 in Short Blades
  1294 | Lair:1   | Reached * piety under Elyvilon
  1315 | Lair:1   | Reached skill level 8 in Short Blades
  1315 | Lair:1   | Reached skill level 1 in Dodging
  1337 | Lair:2   | Noticed a komodo dragon
  1345 | Lair:2   | Killed a komodo dragon
  1346 | Lair:2   | Reached skill level 3 in Fighting
  1346 | Lair:2   | Reached skill level 1 in Spellcasting
  1377 | Lair:3   | Found a gate leading to a gauntlet.
  1386 | Gauntlet | Entered a Gauntlet
  1386 | Gauntlet | Found a transporter.
  1386 | Gauntlet | Found a transporter.
  1387 | Gauntlet | Noticed an oklob plant
  1388 | Gauntlet | Found a transporter.
  1388 | Gauntlet | Found a transporter.
  1390 | Gauntlet | Noticed a rime drake
  1398 | Gauntlet | Noticed an ice statue
  1399 | Gauntlet | Noticed a wolf spider
  1406 | Gauntlet | Killed a rime drake
  1407 | Gauntlet | Reached skill level 4 in Armour
  1407 | Gauntlet | Reached skill level 2 in Dodging
  1407 | Gauntlet | Reached XP level 10. HP: 48/84 MP: 10/10
  1407 | Gauntlet | Noticed a moth of wrath
  1428 | Gauntlet | Found a transporter.
  1447 | Gauntlet | Found a transporter.
  1447 | Gauntlet | Found a transporter.
  1449 | Gauntlet | Noticed a death yak
  1449 | Gauntlet | Noticed a death yak
  1449 | Gauntlet | Noticed a death yak
  1450 | Gauntlet | Noticed a death yak
  1450 | Gauntlet | Noticed a death yak
  1451 | Gauntlet | Noticed a torpor snail
  1451 | Gauntlet | Noticed a death yak
  1463 | Gauntlet | Killed a torpor snail
  1466 | Gauntlet | Found a transporter.
  1467 | Gauntlet | Found a transporter.
  1467 | Gauntlet | Found a transporter.
  1467 | Gauntlet | Noticed an elephant
  1467 | Gauntlet | Noticed a dire elephant
  1525 | Gauntlet | Identified the +8 demon blade of Skirmishing {venom, rF-
                  | rC+ Dex+3}
  1525 | Gauntlet | Noticed a minotaur
  1532 | Gauntlet | HP: 2/84 [poisoned by a minotaur]
  1538 | Gauntlet | HP: 4/84 [minotaur (28)]
  1538 | Gauntlet | Elyvilon protects you from harm!
  1540 | Gauntlet | Demolished by a minotaur

Illustrated notes

Levels and vault maps discovered:
D:1:      scummos_arrival_hexagon, layout_rooms
D:2:      layout_loops_corners, serial_forest, infiniplex_forest_side_room,
          infiniplex_forest_fountain, infiniplex_forest_clump_diagonal,
          infiniplex_forest_end_1, infiniplex_forest_lined_ring,
          infiniplex_forest_lined_3_way, columned_hall_lemuel, uniq_terence
D:3:      layout_loops_ring, uniq_jessica, uniq_natasha, uniq_robin
D:4:      layout_basic, uniq_pikel, uniq_grinder
D:5:      layout_cave_pools, nicolae_qazlal_style_of_elements,
          nicolae_overflow_crystal_walls, minmay_temple_entry_enclosed_plants,
          chequers_ossuary_entry_cave, kennysheep_generic_room_5
D:6:      layout_basic, elyvilon_altar_5
D:7:      layout_loops_corners, hellmonk_guarded_unrand_gyre_and_gimble
D:8:      layout_gridville, minmay_lair_entry_grove
Lair:1:   layout_regular_city, gammafunk_ghost_arena, uniq_gastronok
Lair:2:   layout_regular_city, basic_altar
Lair:3:   layout_long_grid, nicolae_spider_entry_tight_spaces,
          gauntlet_entry_generic, basic_altar, lemuel_fruit_tree
Gauntlet: gammafunk_gauntlet_mixed_choke_point
          [minmay_gauntlet_arena_77_terracotta_army,
          minmay_gauntlet_arena_77_braids, minmay_gauntlet_arena_77_two_paths,
          gammafunk_gauntlet_arena_split_diamond,
          minmay_gauntlet_arena_77_chump_sandwich,
          minmay_gauntlet_arena_77_hold_the_fort,
          minmay_gauntlet_arena_77_tiled_triplets,
          dreamdust_gauntlet_exit_labyrinth]

Skill      XL: |  1  2  3  4  5  6  7  8  9 |
---------------+----------------------------+-----
Axes           | 3 6 7 8 12 | 12.0
Short Blades   | 3 8 |  8.0
Dodging        | 2 |  2.3
Fighting       | 3 |  3.5
Spellcasting   | 1 |  1.6
Armour         | 4 |  4.2
Shields        | |  3.2
Invocations    | |  0.3

Action                   |  1- 3 |  4- 6 |  7- 9 | 10-12 || total
-------------------------+-------+-------+-------+-------++-------
Melee: War axe           |    43 |    71 |    42 |       ||   156
       Pair of quick bla |       |       |    90 |    23 ||   113
Throw: Dart              |     3 |       |     5 |     2 ||    10
 Abil: Heal Wounds       |     2 |     2 |     6 |    11 ||    21
  Use: Scroll            |       |     3 |     6 |       ||     9
       Potion            |       |       |     1 |     2 ||     3
 Stab: Invisible         |       |       |    11 |     3 ||    14
Armor: Scale mail        |    19 |    27 |    60 |     9 ||   115
Dodge: Dodged            |    23 |    35 |    45 |     4 ||   107
Block: Buckler           |     5 |    11 |    12 |       ||    28
